Map: New Repugnancy LE

Players

LiquidSnute (Snute)

  • Race: Zerg Zerg
  • League: Grandmaster
  • Spawn Location: 7:00

TSGSolar (Solar) - Winner!

  • Race: Zerg Zerg
  • Spawn Location: 1:00

Event: HomeStory Cup XIX

VOD

Have the link to the VOD?

Description

Time

  • Played on: June 27, 2019, 12:57 p.m.
  • Length: 5:58

All games in this series

Show
View Real Time Build Order
Export as new Build Order

LiquidSnute Zerg 

Build Orders: Pool First, Zergling Baneling 

Get SALT Encoding   

  12  0:00  Drone  
  13  0:12  Overlord  
  13  0:17  Drone  
  14  0:30  Drone x2  
  14  0:34  Drone  
  17  0:37  Extractor  
  16  0:45  Drone  
  17  0:50  Spawning Pool  
  17  0:55  Drone  
  17  1:15  Hatchery  
  16  1:19  Drone  
  17  1:36  Queen  
  17  1:38  Metabolic Boost  
  19  1:42  Zergling x2  
  19  1:46  Zergling x2  
  21  1:57  Baneling Nest  
  20  2:01  Overlord  
  20  2:05  Zergling x2  
  20  2:07  Zergling x2  
  22  2:20  Zergling x2  
  23  2:26  Zergling x2  
  25  2:30  Zergling x2  
  25  2:36  Zergling x2  
  26  2:39  Zergling x2  
  26  2:42  Baneling x4, Zergling x2  
  26  2:43  Zergling x2  
  29  2:45  Zergling x2  
  30  2:53  Zergling x2  
  30  2:57  Overlord  
  31  3:02  Drone  
  32  3:09  Drone x2  
  34  3:13  Drone  
  32  3:20  Baneling x2  
  32  3:21  Baneling  
  32  3:23  Zergling x4  
  34  3:27  Zergling x2  
  34  3:33  Zergling x4  
  33  3:38  Drone  
  31  3:42  Drone  
  31  3:43  Drone  
  31  3:44  Baneling  
  31  3:48  Baneling  
  30  3:52  Drone x2  
  32  4:00  Queen  
  34  4:08  Drone x2  
  36  4:13  Drone  
  36  4:14  Drone  
  36  4:15  Baneling  
  35  4:22  Zergling x2, Queen  
  37  4:25  Zergling x2  
  29  4:34  Zergling x2  
  29  4:36  Queen  
  27  4:44  Baneling x2  
  26  4:46  Drone  
  26  4:51  Drone  
  27  4:53  Drone  
  28  5:00  Drone x2  
  28  5:04  Drone  
  28  5:06  Drone  
  30  5:10  Zergling x2  
  30  5:14  Baneling  
  30  5:18  Zergling x4  
  29  5:21  Zergling x4  
  29  5:26  Drone  
  32  5:29  Drone  
  32  5:31  Zergling x2  
  32  5:33  Zergling x2  
  35  5:37  Zergling x4  
Show
View Real Time Build Order
Export as new Build Order

TSGSolar Zerg - Winner!

Build Orders: Hatch First, Zergling Baneling 

Get SALT Encoding   

  12  0:01  Drone  
  13  0:11  Overlord  
  13  0:17  Drone  
  14  0:30  Drone x2  
  16  0:47  Hatchery  
  15  0:50  Drone  
  15  0:54  Drone  
  17  0:58  Drone  
  17  1:02  Extractor  
  17  1:14  Spawning Pool  
  17  1:16  Drone  
  17  1:19  Drone  
  18  1:27  Drone  
  19  1:39  Drone  
  20  1:48  Overlord  
  20  2:00  Queen x2  
  24  2:04  Zergling x2, Drone  
  24  2:06  Metabolic Boost  
  26  2:12  Zergling x2  
  26  2:15  Drone  
  28  2:21  Zergling x2  
  28  2:22  Drone  
  30  2:33  Drone x2  
  30  2:34  Baneling Nest  
  31  2:44  Drone  
  32  2:51  Overlord  
  32  2:53  Queen  
  32  2:55  Zergling x4  
  35  3:05  Zergling x2  
  36  3:10  Zergling x12  
  42  3:15  Zergling x2  
  42  3:18  Baneling  
  37  3:22  Zergling x4  
  35  3:31  Zergling x4  
  35  3:32  Baneling  
  35  3:33  Baneling  
  34  3:37  Queen  
  32  3:41  Zergling x2  
  32  3:44  Zergling x2  
  33  3:50  Drone x2  
  33  3:52  Baneling  
  33  3:54  Baneling  
  35  4:00  Overlord  
  34  4:18  Drone  
  34  4:19  Zergling x2  
  34  4:20  Zergling x8  
  34  4:22  Zergling x2  
  39  4:27  Zergling x2  
  37  4:38  Zergling x2  
  37  4:39  Drone  
  37  4:45  Zergling x2  
  39  4:47  Zergling x2  
  39  4:50  Hatchery  
  38  4:52  Baneling  
  38  4:55  Zergling x2  
  38  4:56  Baneling x4  
  38  4:58  Zergling x2  
  40  5:02  Zergling x2  
  40  5:04  Zergling x2  
  40  5:06  Zergling x4  
  41  5:08  Zergling x2  
  41  5:10  Zergling x2  
  39  5:16  Zergling x2  
  39  5:17  Zergling x4  
  39  5:19  Baneling  
  39  5:20  Baneling  
  41  5:23  Zergling x2  
  42  5:29  Drone  
  42  5:33  Zergling x2  
  42  5:37  Zergling x2  
  42  5:38  Zergling x4  
  42  5:39  Overlord  
  42  5:41  Baneling  
  42  5:42  Baneling  
Tags
 
Add a new tag
Caveats
  • Supply blocks, unpowered buildings, or Contaminate may cause inaccurate times.
  • Supply counts are checked every 10 seconds.